 Dungeon Crawl Stone Soup version 0.19.1 (webtiles) character file.

7791 JARG the Fighter (level 11, -2/97 HPs)
             Began as a Demonspawn Berserker on Mar 4, 2017.
             Was a High Priest of Trog.
             Slain by Snorg (9 damage)
             ... on level 10 of the Dungeon.
             The game lasted 00:56:02 (10934 turns).

JARG the Fighter (Demonspawn Berserker)            Turns: 10934, Time: 00:56:02

Health: -2/97      AC: 18    Str: 21    XL:     11   Next: 1%
Magic:  0/11       EV:  7    Int:  9    God:    Trog [*****.]
Gold:   452        SH:  0    Dex: 12    Spells: 0 memorised, 10 levels left

rFire  . . .     SeeInvis .     a - +0 hand axe
rCold  . . .     Gourm    +     r - +0 plate armour
rNeg   . . .     Faith    .     (no shield)
rPois  .         Spirit   +     (helmet restricted)
rElec  .         Reflect  .     L - +0 cloak
rCorr  +         Harm     .     t - +1 pair of gloves
MR     +....                    (no boots)
Stlth  ..........               k - amulet of the gourmand
                                E - ring of resist corrosion
                                p - ring of protection from magic

@: exhausted, about to teleport, slowed, very slow
A: antennae 2, rugged brown scales 2, demonic guardian 1, magic shield
a: Berserk, Trog's Hand, Brothers in Arms, Burn Spellbooks, Renounce Religion


You were on level 10 of the Dungeon.
You worshipped Trog.
Trog was extremely pleased with you.
You were very full.

You visited 3 branches of the dungeon, and saw 13 of its levels.

You collected 554 gold pieces.
You spent 102 gold pieces at shops.

Inventory:

Hand Weapons
 a - a +0 hand axe (weapon)
 g - a +1 quarterstaff of draining
 i - a +0 dagger
 l - a +0 dagger
 v - a +1 mace of crushing
 w - a +0 dagger of draining
 A - a +2 trident of piercing
 M - a +1 flail of protection
 N - a +1 whip of electrocution
 R - a +0 halberd of chopping
Missiles
 e - 2 javelins
 x - 5 exploding tomahawks
 z - 11 tomahawks (quivered)
Armour
 m - a +0 plate armour
 r - a +0 plate armour (worn)
 s - a +0 pair of gloves
 t - a +1 pair of gloves (worn)
 C - a +0 cloak
 I - a +0 pair of gloves
 L - a +0 cloak (worn)
 O - a +2 robe of fire resistance
Magical Staves
 Q - an uncursed staff of wizardry
Jewellery
 k - an amulet of the gourmand (around neck)
 p - a ring of protection from magic (left hand)
 E - a ring of resist corrosion (right hand)
 P - an uncursed ring of protection from magic
Wands
 B - a wand of paralysis (21/24)
 F - a wand of random effects (16/48)
Scrolls
 d - 2 scrolls of teleportation
 f - 3 scrolls of remove curse
 h - 6 scrolls of identify
 q - a scroll of recharging
 y - 2 scrolls of amnesia
 G - 2 scrolls of blinking
 H - a scroll of magic mapping
 J - a scroll of immolation
 S - 2 scrolls of torment {unknown}
 U - a scroll of fear {unknown}
Potions
 j - 2 potions of brilliance
 o - 2 potions of haste
 K - a potion of agility
Books
 n - a book of Geomancy

   Spells                             Type                      Level
   a - Sandblast                      Earth                        1
   b - Passwall                       Transmutation/Earth          2
   c - Stone Arrow                    Conjuration/Earth            3
   d - Petrify                        Transmutation/Earth          4
   e - Lee's Rapid Deconstruction     Earth                        5
   Trog disapproves of the use of such an item.
 u - a book of Frost

   Spells                             Type                      Level
   a - Freeze                         Ice                          1
   b - Throw Frost                    Conjuration/Ice              2
   c - Ozocubu's Armour               Charms/Ice                   3
   d - Throw Icicle                   Conjuration/Ice              4
   e - Summon Ice Beast               Ice/Summoning                4
   Trog disapproves of the use of such an item.
Comestibles
 b - 5 fruits
 c - 12 bread rations
 D - 3 meat rations
 T - 2 chunks of flesh


   Skills:
 * Level 11.1 Fighting
 + Level 10.2 Axes
 + Level 0.3 Throwing
 + Level 7.2 Armour
 + Level 2.0 Dodging
 + Level 0.2 Stealth


You had 10 spell levels left.
You didn't know any spells.

Dungeon Overview and Level Annotations

Branches:
Dungeon (11/15)            Temple (1/1) D:5            Lair (1/6) D:8
    Orc (0/2) D:9

Altars:
Ashenzari
Dithmenos
Elyvilon
Fedhas
Gozag
Hepliaklqana
Kikubaaqudgha
Makhleb
Nemelex Xobeh
Okawaru
Qazlal
Ru
Sif Muna
Trog
Vehumet
Xom
Yredelemnul
Zin
The Shining One

Shops:
D:5 *

Annotations:
D:4 Sigmund; cbox's ghost, amateur DrWr
D:9 Joseph
D:10 Snorg


Innate Abilities, Weirdness & Mutations

You have a pair of antennae on your head.
You are mostly covered in rugged brown scales. (AC +2, +5% HP)
A weak demonic guardian rushes to your aid.
When hurt, damage is shared between your health and your magic reserves.


Message History

You feel your anger subside.
You are no longer berserk.
You are exhausted.
You feel yourself slow down. Snorg bites you but does no damage.
Snorg claws you but does no damage. Snorg claws you.
* * * LOW HITPOINT WARNING * * *
Your ufetubus hits Snorg.
Your ufetubus barely misses Snorg.
There is an escape hatch in the ceiling here.
Snorg bites you!
* * * LOW HITPOINT WARNING * * *
Snorg claws you!
* * * LOW HITPOINT WARNING * * *
Snorg barely misses you.
Your ufetubus hits Snorg.
Your ufetubus closely misses Snorg.
Snorg bites you.
* * * LOW HITPOINT WARNING * * *
Snorg barely misses you. Snorg closely misses you.
Your ufetubus hits Snorg. x2
A mysterious force pulls you upwards. The hatch slams shut behind you.
As you read the scroll of teleportation, it crumbles to dust.
You feel strangely unstable. Snorg bites you!
You die...

.............##..........#
####.#.#.#..>............#
#........###..........#
###.###### #########.##
#.# #..>..# #.# ###.#####
#.# #...# ####'##
##'######## ###.....####
#@T.......#
..'.....'..#####....(....#
.##.....##....##.........#
###.....#####..+.........#
#.....# ####.........#
####### ###.#.#.###
#....^# ##.#.#.# #....(.#


You could see Snorg (berserk).

Vanquished Creatures
  Erolcha (D:9)
  Pikel (D:5)
  2 hill giants
  The ghost of DirectiveMayhem the Thrower, a novice CeWr (D:6)
  A black mamba (Lair:1)
  A hornet (D:9)
  2 two-headed ogres
  Prince Ribbit (D:9)
  A spriggan (D:7)
  A yak (D:8)
  A steam dragon (D:8)
  Edmund (D:4)
  A water moccasin (D:6)
  3 orc warriors
  3 phantoms
  An ice beast (D:7)
  A slave (D:5)
  An ogre (D:5)
  2 black bears
  5 centaurs
  A crocodile (D:8)
  2 big kobolds
  2 bullfrogs
  3 scorpions
  5 crimson imps
  A bullfrog zombie (D:7)
  A centaur skeleton (D:5)
  An orc priest (D:4)
  A gnoll shaman (D:6)
  3 jellies
  7 hounds
  A bullfrog skeleton (D:4)
  Natasha (twice) (D:3)
  3 iguanas
  5 worker ants
  9 orc wizards
  A killer bee zombie (D:5)
  A hound zombie (D:8)
  3 hound skeletons
  A mummy (D:6)
  Robin (D:3)
  A worker ant zombie (D:6)
  8 gnolls
  A howler monkey skeleton (D:9)
  3 river rats (D:8)
  10 adders
  2 shadow imps
  2 adder skeletons
  4 worms
  5 dart slugs
  7 leopard geckos
  35 orcs
  2 ball pythons (D:2)
  3 giant cockroaches (D:1)
  11 goblins
  8 hobgoblins
  8 jackals
  10 kobolds
  5 quokkas
  16 bats
  5 frilled lizards
  2 jackal skeletons
  A leopard gecko skeleton (D:4)
  A quokka zombie (D:8)
  19 rats
  A fungus (D:8)
255 creatures vanquished.

Vanquished Creatures (collateral kills)
  2 spiny frogs (Lair:1)
  A two-headed ogre (D:7)
  A wolf spider simulacrum (D:9)
  Menkaure (D:5)
  A slave (D:5)
  An ogre (D:7)
  A bullfrog (Lair:1)
  A hound (D:5)
  An iguana (D:8)
  A gnoll (D:3)
  2 shadow imps
  An orc (D:9)
14 creatures vanquished.

Vanquished Creatures (others)
  A howler monkey (D:5)
  2 fungi
  A plant (D:11)
4 creatures vanquished.

Grand Total: 273 creatures vanquished

Notes
Turn   | Place    | Note
-------+----------+-------------------------------------------
     0 | D:1      | JARG the Demonspawn Berserker began the quest for the Orb.
     0 | D:1      | Reached XP level 1. HP: 18/18 MP: 1/1
   254 | D:1      | Gained mutation: When hurt, damage is shared between your health and your magic reserves. [demonic ancestry]
   254 | D:1      | Reached XP level 2. HP: 12/24 MP: 2/2
  1013 | D:1      | Reached ** piety under Trog
  1258 | D:2      | Gained mutation: You are partially covered in rugged brown scales. (AC +1, +3% HP) [demonic ancestry]
  1258 | D:2      | Reached XP level 3. HP: 7/29 MP: 1/3
  1361 | D:2      | Found a faded altar of an unknown god.
  1832 | D:3      | Noticed Robin
  1851 | D:3      | Reached XP level 4. HP: 37/38 MP: 4/4
  1953 | D:3      | Reached *** piety under Trog
  1959 | D:3      | Killed Robin
  1994 | D:3      | Reached skill level 4 in Fighting
  2090 | D:3      | Noticed Natasha
  2094 | D:3      | Killed Natasha
  2229 | D:4      | Gained mutation: A weak demonic guardian rushes to your aid. [demonic ancestry]
  2229 | D:4      | Reached XP level 5. HP: 39/43 MP: 5/5
  2364 | D:4      | Received a gift from Trog
  2380 | D:4      | Noticed cbox's ghost (amateur DrWr)
  2413 | D:4      | Noticed Sigmund
  2540 | D:3      | Noticed Natasha
  2568 | D:3      | Killed Natasha
  2592 | D:3      | Gained mutation: You are mostly covered in rugged brown scales. (AC +2, +5% HP) [demonic ancestry]
  2592 | D:3      | Reached XP level 6. HP: 16/51 MP: 3/6
  2902 | D:5      | Entered Level 5 of the Dungeon
  3230 | D:5      | Noticed Menkaure
  3245 | D:5      | Killed Menkaure
  3245 | D:5      | Reached skill level 5 in Fighting
  3261 | D:5      | Reached skill level 5 in Axes
  3286 | D:5      | Found Baever Zamo's Assorted Antiques.
  3309 | D:5      | Reached XP level 7. HP: 33/58 MP: 4/7
  3373 | D:6      | Noticed a hill giant
  3382 | D:6      | Killed a hill giant
  3382 | D:6      | Reached skill level 6 in Fighting
  3395 | D:6      | Noticed DirectiveMayhem's ghost (novice CeWr)
  3419 | D:6      | Killed DirectiveMayhem's ghost
  3419 | D:6      | Reached skill level 7 in Fighting
  3419 | D:6      | Reached XP level 8. HP: 34/70 MP: 5/8
  3498 | D:6      | Reached **** piety under Trog
  3520 | D:6      | Found a sacrificial altar of Ru.
  3579 | D:6      | Found an ancient bone altar of Kikubaaqudgha.
  4141 | D:6      | Found a deep blue altar of Sif Muna.
  4538 | D:7      | Reached skill level 8 in Fighting
  4673 | D:8      | Found a burning altar of Makhleb.
  4720 | D:8      | Reached XP level 9. HP: 70/77 MP: 9/9
  4918 | D:5      | Reached skill level 5 in Armour
  4941 | D:5      | Bought 2 scrolls labeled OMEKI HELEUN for 42 gold pieces
  4941 | D:5      | Bought a scroll labeled INEAJA KUGAITA for 21 gold pieces
  4941 | D:5      | Bought a scroll labeled KIPNAHAEWK for 21 gold pieces
  4941 | D:5      | Bought a sapphire potion for 18 gold pieces
  5071 | D:5      | Noticed Pikel
  5119 | D:5      | Found a staircase to the Ecumenical Temple.
  5132 | Temple   | Entered the Ecumenical Temple
  5535 | D:4      | Found a glowing silver altar of Zin.
  5573 | D:4      | Reached ***** piety under Trog
  5855 | D:4      | Noticed Edmund
  5880 | D:4      | Killed Edmund
  6129 | D:5      | Killed Pikel
  6129 | D:5      | Reached skill level 9 in Fighting
  7833 | D:8      | Gained mutation: You have a pair of small antennae on your head. [demonic ancestry]
  7833 | D:8      | Reached XP level 10. HP: 87/88 MP: 8/10
  8084 | D:8      | Found a staircase to the Lair.
  8115 | Lair:1   | Entered Level 1 of the Lair of Beasts
  8115 | Lair:1   | Noticed a spiny frog
  8115 | Lair:1   | Noticed a spiny frog
  8118 | Lair:1   | Killed a spiny frog
  8122 | Lair:1   | Killed a spiny frog
  8122 | Lair:1   | Reached skill level 10 in Fighting
  8133 | Lair:1   | Noticed a black mamba
  8136 | Lair:1   | Killed a black mamba
  9250 | D:9      | Noticed Prince Ribbit
  9258 | D:9      | Killed Prince Ribbit
  9323 | D:9      | Noticed Erolcha
  9338 | D:9      | Killed Erolcha
  9641 | D:9      | Noticed Joseph
  9885 | D:9      | Found a staircase to the Orcish Mines.
  9889 | D:9      | Paralysed by a hornet for 1 turns
  9933 | D:10     | Entered Level 10 of the Dungeon
 10241 | D:10     | Reached skill level 10 in Axes
 10328 | D:10     | Reached skill level 11 in Fighting
 10516 | D:10     | Noticed a hill giant
 10531 | D:10     | Killed a hill giant
 10604 | D:10     | Gained mutation: You have a pair of antennae on your head. [demonic ancestry]
 10604 | D:10     | Reached XP level 11. HP: 86/97 MP: 9/11
 10884 | D:11     | Noticed Snorg
 10934 | D:10     | Slain by Snorg

Skill      XL: |  1  2  3  4  5  6  7  8  9 10 |
---------------+-------------------------------+-----
Axes           | 3 4 5 6 7 8 10 | 10.2
Armour         | 2 3 4 6 7 |  7.2
Fighting       | 4 5 7 8 9 11 | 11.1
Dodging        | 2 |  2.0
Throwing       | |  0.3
Stealth        | |  0.2

Action                   |  1- 3 |  4- 6 |  7- 9 | 10-12 || total
-------------------------+-------+-------+-------+-------++-------
Melee: Hand axe          |   179 |   266 |   664 |   397 ||  1506
Throw: Tomahawk          |       |     3 |     2 |     6 ||    11
Invok: Berserk           |     1 |     3 |     4 |     7 ||    15
       Brothers in Arms  |       |       |     1 |     3 ||     4
  Use: Potion            |       |       |     5 |       ||     5
       Scroll            |       |       |       |    11 ||    11
 Stab: Sleeping          |     1 |       |       |       ||     1
       Distracted        |       |     2 |     3 |       ||     5
  Eat: Chunk             |     4 |     8 |    18 |    27 ||    57
       Pizza             |       |       |     1 |     1 ||     2
Armor: Animal skin       |    15 |       |       |       ||    15
       Ring mail         |    36 |    18 |       |       ||    54
       Plate armour      |       |   167 |   460 |   289 ||   916
Dodge: Dodged            |   114 |    95 |   196 |   137 ||   542
